 Dungeon Crawl Stone Soup version 0.31.0-11-ge490571c62 (webtiles) character file.

Game seed: 13301150993371760343

273 croobank the Caller (level 6, -3/46 HPs)
             Began as a Demonspawn Summoner on Jan 27, 2024.
             Slain by a gnoll
             ... wielding a +0 whip
              (4 damage)
             ... on level 3 of the Dungeon.
             The game lasted 00:08:14 (2941 turns).

croobank the Caller (Demonspawn Summoner)           Turns: 2941, Time: 00:08:14

Health: -3/46      AC:  3    Str: 14    XL:     6   Next: 2%
Magic:  2/10       EV: 12    Int: 18    God:
Gold:   115        SH:  0    Dex: 13    Spells: 4/10 levels left

rFire   . . .        b - +3 short sword (venom)
rCold   . . .        (no shield)
rNeg    . . .        a - +0 robe
rPois   .            (helmet restricted)
rElec   .            (no cloak)
rCorr   .            h - +0 pair of gloves
SInv    .            (no boots)
Will    +....        (no amulet)
Stlth   ++           g - +6 ring of strength
HPRegen 0.27/turn    e - ring of wizardry
MPRegen 0.12/turn

%: wizardry (x1)
@: attractive, enlightened, flying, inugami summoned
A: hooves 2, horns 2
a: no special abilities


You were on level 3 of the Dungeon.
You visited 1 branch of the dungeon, and saw 3 of its levels.

You collected 115 gold pieces.

Inventory:

Hand Weapons
 b - a +3 short sword of venom (weapon)
Armour
 a - a +0 robe (worn)
 h - a +0 pair of gloves (worn)
Jewellery
 e - a ring of wizardry (right hand)
 g - a +6 ring of strength (left hand)
Potions
 c - 2 potions of magic
 d - a potion of enlightenment
 j - a potion of attraction


   Skills:
 + Level 2.8 Fighting
 + Level 2.4 Short Blades
 + Level 2.5 Dodging
 + Level 2.6 Stealth
 + Level 2.7 Spellcasting
 + Level 4.5 Summonings


You had 4 spell levels left.
You knew the following spells:

 Your Spells              Type           Power      Damage    Failure   Level
a - Summon Small Mammal   Summ           72%        N/A       1%          1
b - Call Imp              Summ           36%        N/A       1%          2
c - Call Canine Familiar  Summ           18%        N/A       3%          3

Your spell library contained the following spells:

 Spells                   Type           Power      Damage    Failure   Level
 Dazzling Flash           Conj/Hex       4%         N/A       21%         3
 Volatile Blastmotes      Fire/Tloc      4%         2d10      21%         3
 Summon Blazeheart Golem  Fire/Summ      10%        N/A       26%         4
 Summon Lightning Spire   Summ/Air       10%        N/A       26%         4
 Starburst                Conj/Fire      1%         6d3       100%        6
 Maxwell's Capacitive Co  Air            1%         ∞         100%        8


Dungeon Overview and Level Annotations

Branches:
Dungeon (3/15)

Altars:
Yredelemnul


Innate Abilities, Weirdness & Mutations

You have hoof-like feet.
You have a pair of horns on your head.


Message History

Your cerulean imp hits the gnoll but does no damage.
Okay, then.
It was a potion of enlightenment.
You feel very buoyant.
You fly up into the air.
Your inugami hits the gnoll bouda.
Your cerulean imp hits the gnoll but does no damage.
The gnoll hits you with a +0 club!
The ogre struggles against the net.
It was a potion of attraction.
You feel attractive to monsters.
Your cerulean imp hits the gnoll but does no damage.
The gnoll hits you with a +0 club.
The orc priest begins to cast a cantrip, but forgets the words!
The ogre struggles against the net.
The orc closely misses you.
The gnoll splashes around in the water.
You barely miss the orc priest. Your kick misses the orc priest.
You headbutt the orc priest!
The orc priest is almost dead.
Your inugami hits the ogre.
Your cerulean imp hits the gnoll but does no damage.
The orc priest invokes the aid of Beogh against you.
Beogh smites you!
* * * LOW HITPOINT WARNING * * *
The ogre struggles against the net.
The orc closely misses you.
As you read the scroll labelled HUAC SUAPP, it crumbles to dust.
It is a scroll of enchant weapon.
Your +2 short sword of venom glows red for a moment.
The gnoll splashes around in the water.
Your inugami hits the ogre.
The orc priest calls down the wrath of Beogh upon you.
You resist with some effort.
Your cerulean imp hits the gnoll but does no damage.
The ogre struggles against the net.
The net rips apart, and the ogre comes free!
The orc hits you with a +0 club.
* * * LOW HITPOINT WARNING * * *
Okay, then.
As you read the scroll labelled NADUCY YSEINO, it crumbles to dust.
It is a scroll of brand weapon.
Okay, then.
The gnoll hits you with a +0 whip.
You die...

#.......##..>### #.....#.........
##......#....... #........).#...
###........††..#.
#......(..##†....
#################.#......########
.........††.....................
~~~~≈~≈≈~~)~~~~o@...~~≈~~~~~~~~≈
~≈≈≈≈≈≈≈≈≈≈≈≈≈≈ggo..~≈~~≈≈≈≈≈≈≈≈
####~≈~~~~~~~~~ogO..~~≈~~~~≈~≈~≈
.og#.............h5.............
...#############''''############
##+# #....# .# #....# )# #.)..#
.# #....#


You could see an ogre (ally target), a gnoll bouda, an orc priest, 2 gnolls, 2
orcs, a friendly cerulean imp (summoned) and a friendly inugami (summoned).

Vanquished Creatures
  A hound (D:3)
  Natasha (twice) (D:2)
  4 adders
  A ribbon worm (D:2)
  An orc (D:3)
  5 ball pythons
  4 endoplasms
  3 hobgoblins (D:2)
  14 jackals
  2 kobolds
  A quokka (D:3)
  3 bats
  5 frilled lizards
  A rat (D:1)
47 creatures vanquished.

Vanquished Creatures (collateral kills)
  Jessica (D:2)
  Natasha (D:2)
  2 gnolls (D:3)
  2 dart slugs (D:1)
  4 endoplasms
  2 goblins
  2 hobgoblins
  3 jackals
  6 kobolds
  A quokka (D:1)
  2 bats
  A rat (D:1)
27 creatures vanquished.

Grand Total: 74 creatures vanquished

Notes
Turn   | Place    | Note
-------+----------+-------------------------------------------
     0 | D:1      | croobank the Demonspawn Summoner began the quest for the
                  | Orb.
     0 | D:1      | Reached XP level 1. HP: 13/13 MP: 3/3
   314 | D:1      | Discovered your monstrous ancestry.
   314 | D:1      | Gained mutation: You have large cloven feet. [demonic
                  | ancestry]
   314 | D:1      | Reached XP level 2. HP: 8/19 MP: 1/5
   454 | D:1      | Learned a level 2 spell: Call Imp
   905 | D:2      | Gained mutation: You have a pair of small horns on your
                  | head. [demonic ancestry]
   905 | D:2      | Reached XP level 3. HP: 13/25 MP: 6/6
  1138 | D:2      | Noticed Natasha
  1143 | D:2      | Killed Natasha
  1144 | D:2      | Reached skill level 1 in Fighting
  1144 | D:2      | Reached skill level 1 in Short Blades
  1164 | D:2      | Gained mutation: You have hoof-like feet. [demonic
                  | ancestry]
  1164 | D:2      | Reached XP level 4. HP: 20/33 MP: 4/7
  1257 | D:2      | Noticed Natasha
  1276 | D:2      | Found a basalt altar of Yredelemnul.
  1491 | D:2      | Noticed Jessica
  1509 | D:2      | Killed Jessica
  1514 | D:2      | Learned a level 3 spell: Call Canine Familiar
  1794 | D:2      | Killed Natasha
  1795 | D:2      | Reached XP level 5. HP: 22/39 MP: 6/8
  2072 | D:2      | Noticed Natasha
  2083 | D:2      | Killed Natasha
  2920 | D:3      | Noticed an ogre
  2927 | D:3      | Gained mutation: You have a pair of horns on your head.
                  | [demonic ancestry]
  2927 | D:3      | Reached XP level 6. HP: 26/46 MP: 2/10
  2940 | D:3      | HP: 1/46 [orc/+0 club (3)]
  2941 | D:3      | Slain by a gnoll

Illustrated notes

Levels and vault maps discovered:
D:1:      minmay_arrival_widening_spiral_narrow, layout_basic
D:2:      layout_basic, basic_altar, uniq_jessica, uniq_natasha
D:3:      lemuel_castle_with_subvaults [lemuel_castle_interior_carwin_2],
          layout_rooms, minmay_shallow_snake_nest

Skill      XL: |  1  2  3  4 |
---------------+-------------+-----
Stealth        | 2 |  2.6
Dodging        | 2 |  2.5
Fighting       | 1 2 |  2.8
Short Blades   | 1 2 |  2.4
Spellcasting   | |  2.7
Summonings     | |  4.5

Action                     |  1- 3 |  4- 6 || total
---------------------------+-------+-------++-------
  Melee: Short sword       |    30 |    90 ||   120
         Kick              |     5 |    19 ||    24
         Punch             |     1 |     2 ||     3
         Headbutt          |     4 |    18 ||    22
  Throw: Throwing net      |       |     1 ||     1
   Cast: Summon Small Mamm |    14 |    22 ||    36
         Call Imp          |     4 |    15 ||    19
         Call Canine Famil |       |     4 ||     4
    Use: Potion            |     1 |     2 ||     3
         Scroll            |       |     3 ||     3
   Stab: Sleeping          |     3 |       ||     3
         Distracted        |     1 |     1 ||     2
 Armour: Robe              |    20 |    64 ||    84
  Dodge: Dodged            |    29 |    78 ||   107
